 Dungeon Crawl Stone Soup version 0.29.1-13-g9f3cf754e1 (webtiles) character file.

Game seed: 12370182229976943983

1418 BiteMe the Magician (level 8, 0/52 HPs)
             Began as a Demonspawn Fire Elementalist on Jan 28, 2023.
             Killed from afar by an oklob plant (36 damage)
             ... with a splash of acid
             ... on level 5 of the Dungeon.
             The game lasted 01:14:09 (10081 turns).

BiteMe the Magician (Demonspawn Fire Elementalist) Turns: 10081, Time: 01:14:13

Health: 0/52       AC:  5    Str: 14    XL:     8   Next: 43%
Magic:  15/17      EV: 12    Int: 18    God:
Gold:   291        SH:  4    Dex: 15    Spells: 11/20 levels left

rFire   . . .      SeeInvis .   C - +2 dagger (venom)
rCold   . . .      Faith    .   (no shield)
rNeg    . . .      Spirit   .   F - +1 ring mail of Vinwix {Str+6}
rPois   .          Reflect  .   (no helmet)
rElec   .          Harm     .   x - +2 cloak
rCorr   .          Rampage  .   (no gloves)
Will    .....                   (no boots)
Stlth   +.........              J - amulet of the acrobat
HPRegen 0.17/turn               z - ring of wizardry
MPRegen 0.15/turn               (no ring)

@: corroded
A: powered by death 1, sanguine armour 2, condensation shield, weakness stinger
2
a: no special abilities


You were on level 5 of the Dungeon.
You visited 1 branch of the dungeon, and saw 5 of its levels.
You also visited: Sewer.

You collected 291 gold pieces.

Inventory:

Hand Weapons
 c - a +0 club
 h - a +0 dagger
 i - a +0 whip
 j - a +0 hand axe
 q - a +0 short sword
 u - a +0 spear
 C - a +2 dagger of venom (weapon)
 G - a +0 falchion
 H - a +0 mace
 I - a +0 scimitar
 K - a +1 flail of venom
Missiles
 v - a throwing net
Armour
 a - a +0 robe
 x - a +2 cloak (worn)
 F - the +1 ring mail of Vinwix (worn) {Str+6}
   (You found it on level 5 of the Dungeon)

   Str:       It affects your strength (+6).
Jewellery
 z - a ring of wizardry (left hand)
 J - an amulet of the acrobat (around neck)
Wands
 m - a wand of digging (6)
 o - a wand of flame (7)
 D - a wand of charming (6)
Scrolls
 k - a scroll of teleportation {unknown}
 l - a scroll of immolation {unknown}
 s - a scroll of blinking
 t - 2 scrolls of poison
 w - a scroll of fear {unknown}
 y - a scroll of brand weapon {unknown}
 B - a scroll of enchant weapon {unknown}
 E - a scroll of butterflies {unknown}
Potions
 b - 2 potions of magic
 d - a potion of curing {unknown}
 e - a potion of degeneration {unknown}
 f - a potion of lignification {unknown}
 g - a potion of mutation {unknown}
 n - 4 potions of might
 p - 5 potions of heal wounds
 r - 4 potions of haste
 A - a potion of berserk rage {unknown}
 L - a potion of brilliance {unknown}


   Skills:
 - Level 1.1 Short Blades
 * Level 1.5 Armour
 * Level 3.9 Dodging
 - Level 1.9 Stealth
 * Level 6.5 Spellcasting
 * Level 4.0 Conjurations
 + Level 5.0 Fire Magic


You had 11 spell levels left.
You knew the following spells:

 Your Spells              Type           Power      Damage    Failure   Level
a - Foxfire               Conj/Fire      88%        2x1d8     1%          1
b - Scorch                Fire           48%        2d7       1%          2
c - Conjure Flame         Conj/Fire      22%        6-21      4%          3
d - Inner Flame           Hex/Fire       15%        N/A       10%         3

Your spell library contained the following spells:

 Spells                   Type           Power      Damage    Failure   Level
 Flame Wave               Conj/Fire      22%        2d8       14%         4
 Airstrike                Air            2%         2d(1-17)  65%         4
 Summon Lightning Spire   Summ/Air       5%         N/A       65%         4
 Lightning Bolt           Conj/Air       6%         1d18      69%         5
 Summon Cactus Giant      Summ           2%         N/A       100%        6


Dungeon Overview and Level Annotations

Branches:
Dungeon (5/15)              Sewer (visited)
 Temple: D:4-7

Altars:
Fedhas
Wu Jian

Annotations:
D:5 exclusion: oklob plant


Innate Abilities, Weirdness & Mutations

You regenerate a little health from kills.
When seriously injured, your blood forms thick armour. (AC +0)
A meltable shield of frost defends you. (SH +4)
You have a tail ending in a sharp stinger.


Message History

As you read the scroll of blinking, it crumbles to dust.
Casting: Foxfire (safe; 1% risk of failure)
Press: ? - help, Q - select action, (/) - cycle Dir - look around, f - activate You conjure some foxfire!
Your foxfire dissipates!
Blink to where?
Press: ? - help, Dir - move target You can't see that place. [the floor.]
Okay, then.
Really walk into a travel-excluded area?
You hit the plant.
The plant begins to die.
The plant is lightly damaged.
You completely miss the plant.
The plant is lightly damaged.
You hit the plant.
The plant is poisoned.
You tail-slap the plant.
The plant is lightly damaged.
You hit the plant.
The plant looks as sick as possible!
The plant is lightly damaged.
You hit the plant. You tail-slap the plant!
The plant is lightly damaged.
You hit the plant. You tail-slap the plant.
The plant is lightly damaged.
A nearby plant withers and dies.
The oklob plant spits acid at you. The splash of acid hits you!
The acid corrodes you!
Level annotation: exclusion: oklob plant Welcome back, BiteMe the Demonspawn Fire Elementalist.
Press ? for a list of commands and other information.
Level annotation: exclusion: oklob plant Welcome back, BiteMe the Demonspawn Fire Elementalist.
Press ? for a list of commands and other information.
Cast which spell? (? or * to list) Flames lash the oklob plant.
The oklob plant is lightly damaged.
The oklob plant's fire resistance burns away.
The oklob plant spits acid at you. The splash of acid hits you!!!
Ouch! That really hurt!
You die...

##..#..#..#P♣PP.~≈≈~._.~≈≈~.PP#P#
##.##.##.#PP#P.~≈≈~...~≈≈~..PP♣#
# #.##.####♣P♣P.~~≈~~.~≈≈~~.PP♣P#
###.##.# #PP#♣..≈~≈~.~≈≈~..P#PP#
....##.####PPPPP..~~~.~≈~..PPPPP#
##>......(#PPPP♣...~~.~~..#.PPPP#
#####.####♣#PPP♣#.......PPP#P.##
#.#


#P..PPP.PP.P♣.#PPP.#PP# #.####P♣...@PPP..P..PPP#.#P# #
#....#P.P.♣PP#P#♣.PPPPPP.PP# ######..###♣PP♣PPPPPP♣PPP.PPPPPP# ..)).)....###
################### ...###.#..# ##.##......<# #### #....## ###...........# #
##....## #....###......# ###...# #.##.# #......# #...#####.##.# #......# You
could see an oklob plant (combustible).

Vanquished Creatures
  A black bear (D:5)
  2 ogres (D:5)
  A phantom (D:4)
  4 kobold brigands (Sewer)
  A scorpion (D:5)
  A howler monkey (D:5)
  2 jellies (D:5)
  2 hounds (D:5)
  An orc priest (D:4)
  3 iguanas
  An orc wizard (D:5)
  16 gnolls
  10 adders
  4 river rats (Sewer)
  A shadow imp (D:5)
  2 worms (Sewer)
  A dart slug (D:2)
  10 orcs
  7 endoplasms
  9 giant cockroaches
  25 goblins
  30 hobgoblins
  6 jackals
  7 quokkas
  9 ball pythons
  A bat (D:1)
  A frilled lizard (D:1)
  13 kobolds
  5 rats
176 creatures vanquished.

Vanquished Creatures (collateral kills)
  A foxfire (D:5)
1 creature vanquished.

Vanquished Creatures (others)
  475 foxfires
  18 plants (D:5)
493 creatures vanquished.

Grand Total: 670 creatures vanquished

Notes
Turn   | Place    | Note
-------+----------+-------------------------------------------
     0 | D:1      | BiteMe the Demonspawn Fire Elementalist began the quest for
                  | the Orb.
     0 | D:1      | Reached XP level 1. HP: 13/13 MP: 3/3
   893 | D:1      | Gained mutation: When seriously injured, your blood forms
                  | armour. (AC +0) [demonic ancestry]
   893 | D:1      | Reached XP level 2. HP: 19/19 MP: 0/5
  1074 | D:1      | Learned a level 2 spell: Scorch
  2171 | D:2      | You fall into a shaft and drop 2 floors!
  2286 | D:3      | Found a glowing drain.
  2302 | D:3      | Gained mutation: When seriously injured, your blood forms
                  | thick armour. (AC +0) [demonic ancestry]
  2302 | D:3      | Reached XP level 3. HP: 24/24 MP: 1/7
  2368 | Sewer    | Entered a sewer
  2614 | Sewer    | Noticed a kobold brigand
  2629 | Sewer    | Killed a kobold brigand
  2630 | Sewer    | Reached skill level 3 in Spellcasting
  2630 | Sewer    | Gained mutation: You have a small tail. [demonic ancestry]
  2630 | Sewer    | Reached XP level 4. HP: 30/30 MP: 2/9
  3290 | Sewer    | Reached XP level 5. HP: 35/35 MP: 7/10
  3608 | Sewer    | Reached skill level 4 in Spellcasting
  3646 | Sewer    | Reached skill level 1 in Short Blades
  3646 | Sewer    | Gained mutation: You regenerate a little health from kills.
                  | [demonic ancestry]
  3646 | Sewer    | Reached XP level 6. HP: 41/41 MP: 6/12
  5292 | D:3      | Gained mutation: A meltable shield of frost defends you.
                  | (SH +4) [demonic ancestry]
  5292 | D:3      | Reached XP level 7. HP: 46/46 MP: 9/14
  5364 | D:3      | Learned a level 3 spell: Conjure Flame
  5368 | D:3      | Learned a level 3 spell: Inner Flame
  5796 | D:4      | Found an ornate altar of the Wu Jian Council.
  5801 | D:4      | Noticed a spectral centipede
  5801 | D:4      | Noticed a spectral black mamba
  5801 | D:4      | Noticed a spectral cane toad
  5889 | D:4      | Reached skill level 5 in Spellcasting
  8142 | D:5      | Entered Level 5 of the Dungeon
  8358 | D:5      | Identified the +1 ring mail of Vinwix {Str+6}
  8536 | D:5      | Gained mutation: You have a tail ending in a sharp stinger.
                  | [demonic ancestry]
  8536 | D:5      | Reached XP level 8. HP: 52/52 MP: 7/16
  8677 | D:5      | Reached skill level 6 in Spellcasting
  8682 | D:5      | Reached skill level 1 in Armour
  9071 | D:5      | Found a blossoming altar of Fedhas.
  9105 | D:5      | Noticed an oklob plant
  9425 | D:5      | Reached skill level 5 in Fire Magic
 10081 | D:5      | Killed from afar by an oklob plant

Illustrated notes

Levels and vault maps discovered:
D:1:      dpeg_arrival_yet_another_circle, layout_basic
D:2:      layout_basic
D:3:      layout_rooms, nicolae_sif_muna_little_library, portal_sewer_entry_f,
          chequers_garden, nicolae_figureground_pulse
D:4:      minmay_goblin_kobold_castle, layout_gridville,
          pdpol_wu_jian_five_deadly_venoms
D:5:      layout_rooms, tgw_fedhas

Skill      XL: |  1  2  3  4  5  6  7  8 |
---------------+-------------------------+-----
Dodging        | 2 3 |  3.9
Spellcasting   | 3 4 5 6 |  6.5
Fire Magic     | 3 4 5 |  5.0
Conjurations   | 2 3 4 |  4.0
Short Blades   | 1 |  1.1
Armour         | 1 |  1.5
Stealth        | |  1.9

Action                   |  1- 3 |  4- 6 |  7- 9 || total
-------------------------+-------+-------+-------++-------
Melee: Club              |     6 |       |       ||     6
       Dagger            |    18 |       |   105 ||   123
       Short sword       |       |     3 |       ||     3
       Tailslap          |       |       |    27 ||    27
       Punch             |       |       |     3 ||     3
 Cast: Foxfire           |    45 |    93 |   138 ||   276
       Scorch            |       |     6 |    34 ||    40
       Conjure Flame     |       |       |     1 ||     1
  Use: Scroll            |       |       |     6 ||     6
Armor: Robe              |     6 |     7 |    12 ||    25
       Ring mail         |       |       |     3 ||     3
Dodge: Dodged            |    20 |    19 |    55 ||    94
Block: Other             |       |       |    10 ||    10
